 Dungeon Crawl Stone Soup version 0.19-a0-1931-gf4bb0bd (webtiles) character file.

8850 Pentamerus the Cleaver (level 11, -5/95 HPs)
             Began as a Minotaur Fighter on Oct 25, 2016.
             Was a High Priest of Okawaru.
             Slain by a deep troll (14 damage)
             ... on level 11 of the Dungeon.
             The game lasted 00:22:39 (10621 turns).

Pentamerus the Cleaver (Minotaur Fighter)          Turns: 10621, Time: 00:22:40

Health: -5/95      AC: 22    Str: 24    XL:     11   Next: 15%
Magic:  16/16      EV: 12    Int:  7    God:    Okawaru [*****.]
Gold:   656        SH:  0    Dex: 19    Spells: 0 memorised, 19 levels left

rFire  . . .     SeeInvis .     J - +2 broad axe "Aschufis" {holy, Int+2}
rCold  . . .     Gourm    +     B - +4 chain mail
rNeg   . . .     Faith    .     c - +0 shield
rPois  .         Spirit   .     (helmet restricted)
rElec  .         Reflect  .     e - +0 cloak
rCorr  .         Harm     .     M - +2 pair of gloves {Dex+3}
MR     .....                    p - +1 pair of boots
Stlth  ..........               q - amulet of the gourmand
                                A - +6 ring of dexterity
                                x - +2 ring of slaying

@: confused
A: retaliatory headbutt, horns 2
a: Heroism, Finesse, Renounce Religion


You were on level 11 of the Dungeon.
You worshipped Okawaru.
Okawaru was extremely pleased with you.
You were completely stuffed.

You visited 2 branches of the dungeon, and saw 12 of its levels.

You collected 656 gold pieces.

Inventory:

Hand Weapons
 a - a +1 war axe
 J - the +2 broad axe "Aschufis" (weapon) {holy, Int+2}
   (You acquired it on level 10 of the Dungeon)

   It has been blessed by the Shining One to cause great damage to the undead
   and demons.
   It affects your intelligence (+2).
Missiles
 K - 4 throwing nets (quivered)
Armour
 c - a +0 shield (worn)
 e - a +0 cloak (worn)
 p - a +1 pair of boots (worn)
 B - a +4 chain mail (worn)
 M - a +2 pair of gloves of dexterity (worn)
Jewellery
 b - an uncursed ring of protection from fire
 q - an amulet of the gourmand (around neck)
 s - an uncursed ring of ice
 x - a +2 ring of slaying (left hand)
 y - a +2 ring of evasion
 z - an uncursed ring of see invisible
 A - a +6 ring of dexterity (right hand)
Wands
 u - a wand of lightning (9/15)
 I - a wand of teleportation (5/9)
Scrolls
 h - 2 scrolls of amnesia
 i - 3 scrolls of remove curse
 j - 3 scrolls of immolation
 o - a scroll of identify
 G - a scroll of blinking
 H - 2 scrolls of enchant weapon
 L - a scroll of magic mapping
Potions
 d - a potion of might
 g - 6 potions of curing
 n - a potion of lignification
 t - 2 potions of flight
 w - 4 potions of magic
 D - a potion of cancellation
 E - 2 potions of mutation
Comestibles
 f - 8 bread rations
 k - 6 chunks of flesh
 l - 4 meat rations
 m - 6 fruits
 v - 3 beef jerkies
 C - 2 royal jellies
 F - a slice of pizza


   Skills:
 + Level 8.5 Fighting
 * Level 11.4 Axes
 + Level 8.6 Armour
 + Level 7.1 Dodging
 + Level 8.5 Shields
 + Level 4.5 Spellcasting


You had 19 spell levels left.
You didn't know any spells.

Dungeon Overview and Level Annotations

Branches:
Dungeon (11/15)            Temple (1/1) D:6            Lair (0/6) D:10
    Orc: D:9-12

Altars:
Ashenzari
Cheibriados
Dithmenos
Elyvilon
Fedhas
Gozag
Hepliaklqana
Kikubaaqudgha
Makhleb
Nemelex Xobeh
Okawaru
Qazlal
Ru
Sif Muna
Trog
Uskayaw
Vehumet
Xom
Yredelemnul
Zin
The Shining One

Shops:
D:10 [


Innate Abilities, Weirdness & Mutations

You reflexively headbutt those who attack you in melee.
You have a pair of horns on your head.


Message History

The deep troll claws you.
* * * LOW HITPOINT WARNING * * *
You slice the electric eel!!
You kill the electric eel!
Okawaru accepts your kill.
You closely miss the deep troll. You slash something! Something hits you.
* * * LOW HITPOINT WARNING * * *
Something hits you but does no damage.
The deep troll bites you but does no damage.
The deep troll barely misses you.
The deep troll claws you but does no damage.
The deep troll misses you. The deep troll claws you!
* * * LOW HITPOINT WARNING * * *
The deep troll claws you but does no damage.
You're too confused to move!
Something hits you but does no damage.
The deep troll bites you but does no damage.
The deep troll claws you!
* * * LOW HITPOINT WARNING * * *
The deep troll claws you!
You die...

.....≈≈ ≈≈.....# #... .....≈≈
#≈.....#####... .....≈≈
#≈............. .....≈≈
#≈............. .....≈≈
#≈.[...........
.....≈≈#+##≈..........)).
.....≈≈≈.≈≈≈........<..).
.......................).
.....≈≈≈@≈≈≈....).)......
.....≈##T#≈≈....)########
.....≈ TT#≈≈.....# .....
#TT#≈≈.....# ..... #.(#≈;.....#
..?% ####≈≈.....########
#..........≈≈≈≈≈≈;.............
#..........≈≈≈≈≈≈≈.............
#..........≈≈≈ ≈≈≈.............


You could see a deep troll and 4 trolls.

Vanquished Creatures
  Harold (D:10)
  Fannar (D:10)
  A hydra (D:11)
  2 hill giants
  Maurice (D:10)
  A gargoyle (D:11)
  A spriggan (D:9)
  A wraith (D:10)
  A wyvern (D:10)
  9 yaks
  2 hungry ghosts
  3 ice beasts
  2 orc warriors
  A sky beast (D:5)
  A phantom (D:10)
  A hornet zombie (D:6)
  3 ogres
  A black bear (D:8)
  A centaur (D:10)
  A crocodile (D:10)
  A big kobold (D:8)
  4 bullfrogs
  A wyvern zombie (D:6)
  A scorpion (D:4)
  2 electric eels (D:11)
  A quasit (D:7)
  A centaur zombie (D:6)
  7 crimson imps
  A bullfrog zombie (D:6)
  5 orc priests
  4 hounds
  2 jellies
  6 iguanas
  10 orc wizards
  5 worker ants
  3 killer bee zombies
  A worker ant zombie (D:6)
  4 gnolls (D:8)
  10 adders
  An adder skeleton (D:7)
  2 adder zombies
  4 worms (D:2)
  4 dart slugs
  7 leopard geckos
  23 orcs
  9 bats
  10 giant cockroaches
  6 hobgoblins
  7 jackals
  14 kobolds
  5 quokkas
  2 ball pythons
  4 frilled lizards
  9 goblins
  A jackal skeleton (D:5)
  A jackal zombie (D:7)
  A quokka skeleton (D:8)
  2 quokka zombies
  5 rats
  13 fungi (D:10)
  2 plants (D:10)
236 creatures vanquished.

Vanquished Creatures (others)
  2 fungi (D:10)
2 creatures vanquished.

Grand Total: 238 creatures vanquished

Notes
Turn   | Place    | Note
-------+----------+-------------------------------------------
     0 | D:1      | Pentamerus the Minotaur Fighter began the quest for the Orb.
     0 | D:1      | Reached XP level 1. HP: 19/19 MP: 0/0
   316 | D:1      | Reached XP level 2. HP: 27/27 MP: 1/1
   768 | D:1      | Reached skill level 3 in Axes
   931 | D:2      | Reached XP level 3. HP: 26/33 MP: 2/2
  1372 | D:2      | Reached skill level 1 in Dodging
  1447 | D:2      | Reached XP level 4. HP: 40/40 MP: 3/3
  1951 | D:3      | Found a faded altar of an unknown god.
  1951 | D:3      | Found a shimmering altar of Xom.
  1956 | D:3      | Found a faded altar of an unknown god.
  1958 | D:3      | Found a faded altar of an unknown god.
  1960 | D:3      | Found a faded altar of an unknown god.
  1999 | D:3      | Reached skill level 4 in Axes
  2409 | D:3      | Found a shattered altar of Ashenzari.
  2502 | D:4      | Reached XP level 5. HP: 34/46 MP: 4/4
  2855 | D:4      | Found a snail-covered altar of Cheibriados.
  3317 | D:4      | Found a hide-covered altar of Uskayaw.
  3317 | D:4      | Noticed a dagger
  3318 | D:4      | Noticed a hand axe
  3349 | D:4      | Reached XP level 6. HP: 48/53 MP: 6/6
  3540 | D:4      | Reached skill level 5 in Axes
  3601 | D:4      | Found a hazy altar of Hepliaklqana.
  3680 | D:4      | Found a glowing silver altar of Zin.
  3685 | D:4      | Reached skill level 1 in Spellcasting
  3818 | D:4      | Found a radiant altar of Vehumet.
  3833 | D:4      | Found an iron altar of Okawaru.
  3847 | D:4      | Became a worshipper of Warmaster Okawaru
  3880 | D:4      | Found a bloodstained altar of Trog.
  3889 | D:4      | Reached skill level 5 in Shields
  3977 | D:4      | Found a deep blue altar of Sif Muna.
  4053 | D:5      | Entered Level 5 of the Dungeon
  4053 | D:5      | Noticed a sky beast
  4078 | D:5      | Killed a sky beast
  4078 | D:5      | Reached XP level 7. HP: 15/60 MP: 7/7
  4486 | D:5      | Found a bloodstained altar of Trog.
  4503 | D:5      | Reached skill level 5 in Fighting
  4503 | D:5      | Reached skill level 5 in Armour
  4508 | D:5      | Got a diamond-encrusted scale mail
  4521 | D:5      | Identified the +4 scale mail of the Snake Pit {Str+3 Dex+2} (You found it on level 5 of the Dungeon)
  4536 | D:5      | Reached skill level 6 in Axes
  4554 | D:5      | Reached * piety under Okawaru
  5010 | D:6      | HP: 3/61 [poisoned by an orc wizard]
  5018 | D:6      | HP: 3/61 [poisoned by an orc wizard]
  5262 | D:5      | Reached XP level 8. HP: 58/69 MP: 9/9
  5338 | D:6      | Reached skill level 7 in Axes
  5417 | D:6      | Reached ** piety under Okawaru
  5670 | D:6      | Found a staircase to the Ecumenical Temple.
  5684 | Temple   | Entered the Ecumenical Temple
  5932 | D:6      | Found an opulent altar of Gozag.
  6385 | D:7      | Reached skill level 8 in Axes
  6454 | D:7      | Found a basalt altar of Yredelemnul.
  6562 | D:7      | Noticed a hill giant
  6579 | D:7      | Killed a hill giant
  6579 | D:7      | Reached *** piety under Okawaru
  6579 | D:7      | Reached skill level 5 in Dodging
  6579 | D:7      | Reached XP level 9. HP: 12/78 MP: 10/12
  7280 | D:8      | Reached skill level 9 in Axes
  7691 | D:8      | Received a gift from Okawaru
  7696 | D:8      | Reached **** piety under Okawaru
  8176 | D:9      | Found a burning altar of Makhleb.
  8222 | D:9      | Reached XP level 10. HP: 86/86 MP: 14/14
  8626 | D:10     | Entered Level 10 of the Dungeon
  8661 | D:10     | Reached skill level 10 in Axes
  8764 | D:10     | Found a staircase to the Lair.
  8815 | D:10     | Noticed Harold
  8841 | D:10     | Killed Harold
  8841 | D:10     | Reached ***** piety under Okawaru
  8886 | D:10     | Noticed Maurice
  9002 | D:10     | Found Atuzuz's Antique Armour Shoppe.
  9023 | D:10     | Identified a scroll of acquirement
  9026 | D:10     | Got a crude broad axe
  9027 | D:10     | Identified the +2 broad axe "Aschufis" {holy, Int+2} (You acquired it on level 10 of the Dungeon)
  9267 | D:10     | Noticed Fannar
  9281 | D:10     | Killed Fannar
  9281 | D:10     | Received a gift from Okawaru
  9765 | D:10     | Killed Maurice
  9765 | D:10     | Reached skill level 11 in Axes
 10032 | D:11     | Noticed a four-headed hydra
 10078 | D:11     | Killed a seven-headed hydra
 10078 | D:11     | Received a gift from Okawaru
 10290 | D:11     | Noticed a hill giant
 10300 | D:11     | Killed a hill giant
 10300 | D:11     | Reached XP level 11. HP: 63/95 MP: 16/16
 10611 | D:11     | Noticed a deep troll
 10621 | D:11     | Slain by a deep troll

Vault maps used:
D:1:      doesnt_arrival_eight_statues
D:3:      marbit_many_paths, chequers_temple_overflow_minitemple, first_bread
D:4:      zin_scriptorium, lemuel_crystal_altar, cheibriados_altar_1,
          nicolae_overflow_quartered_altars, dancing_weapons_uskayaw,
          st_stairs_8, minmay_liquid_box, hangedman_abyss_or_decor_lesser_grid
D:5:      basic_altar
D:6:      basic_altar, serial_undead, serial_undead_c, serial_undead_d,
          serial_undead_c, serial_undead_e
D:7:      overflow_temple_1_default
D:9:      lemuel_doored_altar, the_bakery
D:10:     due_lair_maze_entry_diamond, serial_shops, shop, uniq_fannar,
          uniq_harold, uniq_maurice
D:11:     lemuel_troll_bridge, uniq_snorg
Temple:   jpeg_temple_island

Skill      XL: |  1  2  3  4  5  6  7  8  9 10 |
---------------+-------------------------------+-----
Axes           | 3 4 5 6 8 9 11 | 11.4
Shields        | 4 5 6 7 8 |  8.5
Dodging        | 1 2 3 5 7 |  7.1
Armour         | 4 5 6 7 8 |  8.6
Fighting       | 4 5 6 7 8 |  8.5
Spellcasting   | 1 2 3 4 |  4.5

Action                   |  1- 3 |  4- 6 |  7- 9 | 10-12 || total
-------------------------+-------+-------+-------+-------++-------
Melee: War axe           |    96 |   125 |   271 |    70 ||   562
       Headbutt          |    13 |    17 |    60 |    46 ||   136
       Broad axe         |       |       |       |   105 ||   105
Invok: Finesse           |       |       |       |     2 ||     2
       Heroism           |       |       |       |     1 ||     1
  Use: Scroll            |     7 |     6 |     8 |     4 ||    25
       Potion            |       |       |     3 |     5 ||     8
  Eat: Chunk             |     2 |    17 |    22 |    10 ||    51
Armor: Scale mail        |    44 |    70 |    49 |       ||   163
       Chain mail        |       |       |    47 |    57 ||   104
Dodge: Dodged            |    21 |    35 |    95 |    58 ||   209
Block: Shield            |    56 |    69 |   128 |    79 ||   332
